 Dungeon Crawl Stone Soup version 0.01-2143-g6ef1cdeb50 (webtiles) character file.

Game seed: 5189375482850227920, levelgen mode: deterministic

957 Lanoc the Skirmisher (level 7, -2/64 HPs) Black Draconian Demonspawn. Began on June 20, 2020. Killed by nerve-wracking pain ... invoked by an orc priest (11 damage) ... on level 3 of the Dungeon. The game lasted 00:07:16 (1633 turns).

Lanoc the Skirmisher (Black Draconian Demonspawn)   Turns: 1633, Time: 00:07:17

Health: -2/64      AC:  5    Str: 17    XL:     7 ^: 58
Magic:  8/11       EV: 13    Int: 17    God:
Gold:   52         SH:  9    Dex: 12    Spells: 10/11 levels left

rFire    . . .     Vision   .   a - +0 long sword
rCold    . . .     Gourm    .   e - +0 buckler
rNeg     . . .     Faith    .   (armour unavailable)
rPois    .         Spirit   .   f - +2 hat
rElec    .         Reflect  .   (no cloak)
rCorr    .         Harm     .   (no gloves)
MR       .....                  (no boots)
Stlth    ++++++....             (no amulet)
HPRegen  0.31/turn              l - ring of intelligence
MPRegen  0.21/turn              (no ring)

@: corroded, very slightly contaminated
A: no body armour, unfitting armour, antennae 1, large bone plates 1,
nightstalker 1, spiny 1, cold-blooded, necromancy enhancer 1, Stlth+++, AC +7
a: Breathe Negative Energy


You were on level 3 of the Dungeon.
You were hungry.

You visited 1 branch of the dungeon, and saw 3 of its levels.

You collected 52 gold pieces.

Inventory:

Weapons
 a - a +0 long sword (weapon) Shields
 e - a +0 buckler (shield)
Armour
 f - a +2 hat (worn)
Jewellery
 l - a ring of intelligence (left hand)
Scrolls
 b - a scroll of amnesia
 g - 2 scrolls of teleportation
 h - a scroll of enchantment
 k - a scroll of fear
Potions
 d - 3 potions of resistance
 i - a potion of heal wounds
Comestibles
 c - 2 rations
 j - 3 chunks of flesh


   Skills:
 + Level 6.3 Fighting
 - Level 1.5 Long Blades
 + Level 4.7 Dodging
 - Level 1.3 Stealth
 + Level 3.5 Shields
 - Level 2.6 Spellcasting
   Level 3.0 Invocations


You had 10 spell levels left.
You knew the following spells:

 Your Spells              Type           Power        Failure   Level  Hunger
a - Flame Tongue          Fire           2 (40)       24%         1    #......

Your spell library contained the following spells:

 Spells                   Type           Power        Failure   Level  Hunger
 Blink                    Tloc           N/A          34%         2    ##.....
 Call Imp                 Summ           2 (100)      34%         2    ##.....
 Slow                     Hex            2 (100)      34%         2    ##.....
 Conjure Flame            Fire           2 (100)      56%         3    ###....
 Mephitic Cloud           Pois/Air       2 (100)      56%         3    ###....


Dungeon Overview and Level Annotations

Branches:
Dungeon (3/8)

Altars:


Innate Abilities, Weirdness & Mutations

You cannot fit into any form of body armour.
Your shadowy dark scales are hard. (AC +7)
You can breathe bolts of negative energy.
You have a pair of small antennae on your head.
You are partially covered in large bone plates. (SH +4)
You are slightly more attuned to the shadows.
You are partially covered in sharp spines.
You are cold-blooded and may be slowed by cold attacks.
You are in touch with the powers of death.
Your shadowy dark scales make you much more stealthy. (Stealth++)


Message History

The orc priest is struck by your spines.
The orc priest hits you but does no damage.
The acid corrodes you!
You are splashed with acid (6).
The orc priest blocks your attack.
The orc priest looks encouraged for a moment.
You hit the orc priest (2).
The orc priest is severely wounded. (4/17) HP You have got your breath back.
The orc priest calls down the wrath of Beogh upon you.
Beogh smites you!
* * * LOW HITPOINT WARNING * * *
You hit the orc priest but do no damage.
You tail-slap the orc priest, but do no damage.
The orc priest is severely wounded. (4/17) HP You hit the orc priest (1).
You tail-slap the orc priest, but do no damage.
The orc priest is almost dead. (3/17) HP The orc priest mumbles some strange prayers to Beogh against you.
Pain shoots through your body!
You die...

........##..##$...........
.#.......#..##..o...##....
##...........##....###....
.#..................#.....
....#.#...................
...## ##..##..#.......$..#
....###....).##..%<.......
.#..#.....#..]....#.......
.##.#....##.#..o@..††)....
##.......#####............
...................#......
..........##.......##.....
........<........... .....
.........#..#..........##.
...##....#.###..........
...###...... ...... #.
...# ##..##..


You could see an orc priest.

Vanquished Creatures
  A phantom (D:2)
  An ogre (D:3)
  2 big kobolds (D:2)
  7 jellies (D:2)
  3 orc wizards
  An orc priest (D:3)
  An iguana (D:3)
  A worker ant (D:3)
  A bullfrog skeleton (D:3)
  2 adders (D:3)
  11 sewer rats (D:2)
  9 cinder newts (D:2)
  4 worms (D:2)
  A hound skeleton (D:3)
  2 oozes
  A leopard gecko (D:1)
  6 orcs (D:3)
  2 ball pythons
  5 giant cockroaches
  4 goblins (D:1)
  4 hobgoblins (D:1)
  11 kobolds
  6 bats
  2 rats (D:1)
  7 withered plants (D:2)
95 creatures vanquished.

Vanquished Creatures (others)
  A bullfrog (D:2)
  2 jellies (D:2)
  An adder (D:2)
  34 sewer rats (D:2)
  An ooze (D:2)
  3 ball pythons (D:2)
  5 giant cockroaches (D:2)
  A bat (D:2)
  2 bat skeletons (D:2)
  11 kobolds (D:2)
  A kobold skeleton (D:2)
  17 withered plants (D:2)
79 creatures vanquished.

Grand Total: 174 creatures vanquished

Notes
Turn   | Place    | Note
-------+----------+-------------------------------------------
     0 | D:1      | Lanoc the Immature Draconian Demonspawn began the quest for
                  | the Orb.
     0 | D:1      | Reached XP level 1. HP: 18/18 MP: 4/4
    60 | D:1      | Gained mutation: You are partially covered in large bone
                  | plates. (SH +4) [demonic ancestry]
    60 | D:1      | Reached XP level 2. HP: 23/25 MP: 5/5
    92 | D:1      | Reached skill level 3 in Fighting
   173 | D:1      | Reached XP level 3. HP: 10/31 MP: 7/7
   365 | D:2      | Killed a bullfrog
   989 | D:2      | Gained mutation: You are partially covered in sharp spines.
                  | [demonic ancestry]
   989 | D:2      | Reached XP level 4. HP: 33/39 MP: 4/8
   991 | D:2      | Reached skill level 1 in Shields
   992 | D:2      | Noticed a big kobold
  1003 | D:2      | Killed a big kobold
  1003 | D:2      | Reached skill level 4 in Fighting
  1003 | D:2      | Gained mutation: You have a pair of small antennae on your
                  | head. [demonic ancestry]
  1003 | D:2      | Reached XP level 5. HP: 34/46 MP: 4/9
  1169 | D:2      | Gained mutation: You are slightly more attuned to the
                  | shadows. [demonic ancestry]
  1169 | D:2      | Reached XP level 6. HP: 43/53 MP: 4/10
  1218 | D:2      | Reached skill level 5 in Fighting
  1321 | D:2      | Your scales start taking on a shadowy dark colour.
  1321 | D:2      | Reached XP level 7. HP: 58/61 MP: 9/11
  1321 | D:2      | Gained mutation: Your shadowy dark scales make you much
                  | more stealthy. (Stealth++) [Black Draconian growth]
  1321 | D:2      | Gained mutation: You are in touch with the powers of death.
                  | [Black Draconian growth]
  1547 | D:2      | Reached skill level 6 in Fighting
  1633 | D:3      | Killed from afar by an orc priest

Levels and vault maps discovered:
D:1:      wander_arrival_chamber, layout_cave_pools, minmay_misc_feat_hallway
D:2:      layout_sewer, first_ration, kennysheep_generic_room_2
D:3:      layout_cave_pools, gammafunk_ghost_grave

Skill      XL: |  1  2  3  4  5  6  7 |
---------------+----------------------+-----
Fighting       | 3 4 5 6 |  6.3
Dodging        | 3 4 |  4.7
Shields        | 1 2 3 |  3.5
Long Blades    | |  1.5
Stealth        | |  1.3
Spellcasting   | |  2.6
Invocations    | |  3.0

Action                   |  1- 3 |  4- 6 |  7- 9 || total
-------------------------+-------+-------+-------++-------
Melee: Long sword        |   599 |    61 |    66 ||   726
       Unarmed           |    15 |       |       ||    15
       Tailslap          |   110 |     6 |    12 ||   128
 Cast: Flame Tongue      |     4 |    28 |     9 ||    41
 Abil: Breathe Dart      |       |     4 |       ||     4
       Breathe Negative  |       |       |     6 ||     6
 Stab: Sleeping          |       |       |     3 ||     3
  Eat: Ration            |     1 |       |       ||     1
       Chunk             |       |     2 |     2 ||     4
Armor: Skin              |    19 |    16 |    15 ||    50
Dodge: Dodged            |    54 |    34 |    32 ||   120
Block: Buckler           |    15 |    31 |    31 ||    77
       Other             |     3 |       |       ||     3
       Rpst.: Long sword |    15 |    11 |     8 ||    34
       Unarmed           |    14 |       |       ||    14
